 Dungeon Crawl Stone Soup version 0.22-a0-303-g4a852b3 (webtiles) character file.

185110 Amnesiac the Eclecticist (level 18, -2/149 HPs)
             Began as a Barachi Air Elementalist on Mar 28, 2018.
             Was an Elder of Sif Muna.
             Killed from afar by a deep elf death mage (30 damage)
             ... with a bolt of negative energy
             ... on level 3 of the Elven Halls.
             The game lasted 02:00:32 (51847 turns).

Amnesiac the Eclecticist (BaAE)                    Turns: 51847, Time: 02:00:33

Health: -2/149     AC: 10    Str:  9    XL:     18   Next: 43%
Magic:  0/47       EV: 21    Int: 33    God:    Sif Muna [****..]
Gold:   3023       SH: 17    Dex: 13    Spells: 15/50 levels left

rFire    + . .     SeeInvis .   a - +8 whip (elec)
rCold    + . .     Gourm    .   n - +5 shield
rNeg     . . .     Faith    .   p - +2 robe {rC+ rF+}
rPois    .         Spirit   +   U - +2 helmet {Int+3}
rElec    .         Reflect  .   k - scarf {Spirit}
rCorr    .         Harm     .   D - +2 pair of gloves
MR       +....                  (no boots)
Stlth    ++........             h - amulet "Qagyut" {+Rage Int+4}
HPRegen  0.34/turn              R - ring of wizardry
MPRegen  0.30/turn              B - ring of magical power

@: drained, divine energy, slow
A: +LOS, swims, clever 1, slowness 1, strong legs 2
a: Hop, Stop Divine Energy, Channel Magic, Forget Spell, Renounce Religion,
Evoke Berserk Rage


You were on level 3 of the Elven Halls.
You worshipped Sif Muna.
Sif Muna was greatly pleased with you.
You were not hungry.

You visited 5 branches of the dungeon, and saw 27 of its levels.
You also visited: Labyrinth, Ossuary and Ice Cave.

You collected 3311 gold pieces.
You spent 288 gold pieces at shops.

Inventory:

Hand Weapons
 a - a +8 whip of electrocution (weapon)
 b - a +0 blowgun
Missiles
 N - 14 curare-tipped needles
Armour
 k - a scarf of spirit shield (worn)
 n - a +5 shield (worn)
 p - a +2 robe of resistance (worn)
 D - a +2 pair of gloves (worn)
 U - a +2 helmet of intelligence (worn)
Magical Staves
 T - an uncursed staff of wizardry
Jewellery
 h - the amulet "Qagyut" (around neck) {+Rage Int+4}
   (You took it off a minotaur in a labyrinth)

   [amulet of rage]

   It affects your intelligence (+4).
   It lets you go berserk.
 o - a +5 ring of slaying
 y - an uncursed ring of protection from magic
 B - a ring of magical power (right hand)
 R - a ring of wizardry (left hand)
 V - an uncursed ring of protection from fire
 Z - an uncursed ring of resist corrosion
Wands
 j - a wand of iceblast (31)
 E - a wand of clouds (11)
 J - a wand of acid (21)
Scrolls
 e - 3 scrolls of remove curse {!r}
 f - 5 scrolls of amnesia {!r}
 g - 8 scrolls of teleportation {!r}
 s - 9 scrolls of identify {!r}
 w - 2 scrolls of enchant weapon {!r}
 H - 7 scrolls of magic mapping {!r}
 K - 4 scrolls of fog {!r}
 M - 3 scrolls of blinking {!r}
 Q - 2 scrolls of enchant armour {!r}
 S - a scroll of fear {!r}
Potions
 d - 2 potions of heal wounds {!q}
 l - 5 potions of flight {!q}
 m - 3 potions of mutation {!q}
 q - 6 potions of berserk rage {!q}
 t - 4 potions of magic {!q}
 u - 4 potions of might {!q}
 x - 2 potions of curing {!q}
 z - 7 potions of haste {!q}
 A - 7 potions of lignification {!q}
 F - 3 potions of brilliance {!q}
 G - a potion of agility {!q}
 L - 2 potions of ambrosia {!q}
 Y - a potion of resistance {!q}
Comestibles
 c - 40 rations


   Skills:
 - Level 15.0(14.1) Fighting
 - Level 15.0(14.1) Dodging
 - Level 1.7(1.1) Stealth
 - Level 15.0(14.2) Shields
 + Level 16.5(15.6) Spellcasting
 - Level 1.1(0.5) Conjurations
 - Level 14.0(13.1) Air Magic
 - Level 8.5(7.7) Invocations


You had 15 spell levels left.
You knew the following spells:

 Your Spells              Type           Power        Failure   Level  Hunger
a - Airstrike             Air            #######...   1%          4    None
b - Swiftness             Chrm/Air       ######..     1%          2    None
c - Poisonous Vapours     Pois/Air       ######       1%          2    None
d - Lightning Bolt        Conj/Air       ######....   1%          5    None
e - Mephitic Cloud        Conj/Pois/Air  ######..     1%          3    None
f - Summon Butterflies    Summ           ####....     1%          1    None
g - Passwall              Tmut/Erth      ####......   1%          2    None
h - Conjure Ball Lightni  Conj/Air       ######....   6%          6    ##.....
r - Regeneration          Chrm/Necr      ####......   2%          3    None
s - Summon Lightning Spi  Summ/Air       ######..     1%          4    None
z - Ozocubu's Armour      Chrm/Ice       ####....     2%          3    None


Dungeon Overview and Level Annotations

Branches:
Dungeon (15/15)            Temple (1/1) D:6            Lair (6/6) D:11
  Swamp (0/4) Lair:3       Spider (0/4) Lair:3        Slime (0/5) Lair:5
    Orc (2/2) D:9             Elf (3/3) Orc:2        Vaults (0/5) D:14
 Depths (0/5) D:15

Altars:
Ashenzari
Dithmenos
Elyvilon
Gozag
Hepliaklqana
Kikubaaqudgha
Nemelex Xobeh
Okawaru
Qazlal
Ru
Sif Muna
Trog
Uskayaw
Vehumet
Wu Jian
Xom
Yredelemnul
The Shining One
Beogh

Shops:
D:10 !*   Orc:1 %(   Orc:2 ([*:   Elf:2 (

Portals:
Trove: D:12 (give 14 potions of heal wounds)


Innate Abilities, Weirdness & Mutations

Shadows flee at your approach. (+LOS)
You can swim through water.
You cover ground slowly.
You can hop long distances.
Your mind is acute. (Int +2)


Message History

The deep elf master archer shoots an arrow.
The arrow barely misses your lightning spire.
Casting: Airstrike (safe; 1% risk of failure)
Confirm with . or Enter, or press ? or * to list all spells.
Aiming: Airstrike (safe; 1% risk of failure)
Press: ? - help, Dir - move target cursor, f/p - deep elf master archer
Aim: a deep elf master archer, wielding a longbow and wearing quicksilver dragon scales (blue smoke, severely wounded)
The air twists around and strikes the deep elf master archer!
The deep elf master archer is almost dead.
The deep elf master archer shoots an arrow.
The arrow hits you!!
* * * LOW HITPOINT WARNING * * *
Casting: Airstrike (safe; 1% risk of failure)
Confirm with . or Enter, or press ? or * to list all spells.
Aiming: Airstrike (safe; 1% risk of failure)
Press: ? - help, Dir - move target cursor, f/p - deep elf master archer
Aim: a deep elf master archer, wielding a longbow and wearing quicksilver dragon scales (blue smoke, almost dead)
The air twists around and strikes the deep elf master archer!
You kill the deep elf master archer!
Sif Muna accepts your kill.
Items here: ))) [ a whip; a flail; a chain mail; a long sword You start resting.
Casting: Airstrike (safe; 1% risk of failure)
Confirm with . or Enter, or press ? or * to list all spells.
Aiming: Airstrike (safe; 1% risk of failure)
Press: ? - help, Dir - move target cursor, f - orc
Aim: an orc, wielding a dagger The air twists around and strikes the orc!
You kill the orc!
Sif Muna accepts your kill.
A deep elf death mage comes into view. It is wielding a long sword.
Casting: Airstrike (safe; 1% risk of failure)
Confirm with . or Enter, or press ? or * to list all spells.
Aiming: Airstrike (safe; 1% risk of failure)
Press: ? - help, Dir - move target cursor, f - deep elf death mage
Aim: a deep elf death mage, wielding a long sword and wearing a scale mail (lightly wounded)
The air twists around and strikes the deep elf death mage!
The deep elf death mage is moderately wounded.
You feel somewhat more hungry.
The deep elf death mage hits you with a long sword!
* * * LOW HITPOINT WARNING * * *
Casting: Airstrike (safe; 1% risk of failure)
Confirm with . or Enter, or press ? or * to list all spells.
Aiming: Airstrike (safe; 1% risk of failure)
Press: ? - help, Dir - move target cursor, f/p - deep elf death mage
Aim: a deep elf death mage, wielding a long sword and wearing a scale mail (moderately wounded)
The air twists around and strikes the deep elf death mage!
The deep elf death mage is heavily wounded.
Your lightning spire shoots out a bolt of lightning at the deep elf death mage!
The bolt of electricity hits the deep elf death mage.
The bolt of electricity misses the deep elf death mage.
The bolt of electricity hits your lightning spire.
Your lightning spire completely resists.
Casting: Airstrike (safe; 1% risk of failure)
Confirm with . or Enter, or press ? or * to list all spells.
Aiming: Airstrike (safe; 1% risk of failure)
Press: ? - help, Dir - move target cursor, f/p - deep elf death mage
Aim: a deep elf death mage, wielding a long sword and wearing a scale mail (heavily wounded)
The air twists around and strikes the deep elf death mage!
The deep elf death mage is severely wounded.
The deep elf death mage points at you and mumbles some strange words.
The bolt of negative energy hits you!
You feel drained.
You die...

##))8# #######
#..)=#### #.##..##
##....#.# #.#)##.######
#####)## #..###...)).##
##(###.###.....)..#
##§#..# ##......##
##)#.######.#####
##e.(....# #......
##@.8§....###.#####
####.#((.....##.## ###
#..)#####.####.##
##.#########.)##
#####.##
#.......)...(..# ##[##
...........#..## ##.##
........#..#..(## ##.##
###
..).....#)#####)####.##
#.. .###..#.#.#
##.##.## ##..


You could see a deep elf death mage and a friendly lightning spire.

Vanquished Creatures
  Saint Roka (Elf:3)
  Asterion (Elf:3)
  A deep elf blademaster (Elf:2)
  3 deep elf master archers (Elf:3)
  Donald (Elf:3)
  A frost giant (IceCv)
  An orc warlord (Orc:1)
  Aizul (Elf:3)
  4 deep elf sorcerers (Elf:3)
  2 deep elf elementalists (Elf:3)
  A stone giant (D:9)
  2 deep elf demonologists (Elf:3)
  4 deep elf annihilators (Elf:3)
  A minotaur (Lab)
  4 deep elf death magi (Elf:3)
  The ghost of CasualChangeling the Thaumaturge, a journeyman GnWn of Nemelex Xobeh (D:10)
  Josephine (D:11)
  4 deep elf high priests (Elf:3)
  Snorg (Lair:4)
  6 hydras
  A rakshasa (D:15)
  A death knight (D:15)
  8 two-headed ogres
  35 dancing weapons
  3 death yaks (Lair:5)
  2 tengu warriors
  2 centaur warriors (D:15)
  4 orc high priests (Orc:2)
  Nergalle (Lair:4)
  Sonja (Lair:3)
  10 deep elf knights
  A glowing orange brain (D:15)
  An unseen horror (D:14)
  A wizard (D:14)
  9 deep elf archers
  4 orc knights
  A phantasmal warrior (D:15)
  Pikel (D:7)
  A wolf spider zombie (D:15)
  3 orc sorcerers
  51 deep elf magi
  25 ugly things
  3 oklob plants (Lair:6)
  4 manticores
  Maurice (D:8)
  An elephant (Lair:5)
  2 ice statues
  5 black mambas
  21 spiny frogs
  A gargoyle (D:12)
  9 rime drakes
  2 kobold demonologists
  12 komodo dragons
  2 freezing wraiths
  A tengu conjurer (D:15)
  10 trolls
  2 jumping spiders (Lair:3)
  5 tyrant leeches (Lair:6)
  2 hornets
  13 polar bears
  5 dream sheep (Lair:5)
  10 hippogriffs
  8 slime creatures
  27 blink frogs
  2 redbacks (Lair:3)
  A shadow (D:11)
  A vampire (D:12)
  8 wraiths
  3 water elementals
  3 wyverns
  Sigmund (D:4)
  A spriggan (shapeshifter) (D:15)
  2 air elementals
  59 yaks
  A tarantella (shapeshifter) (D:15)
  2 basilisks
  3 fire elementals (Elf:3)
  A hungry ghost (D:13)
  Grum (D:8)
  9 vampire mosquitoes
  A steam dragon (D:11)
  3 wargs
  A soldier ant (D:13)
  A floating eye (D:13)
  An acid dragon (D:14)
  3 porcupines
  9 water moccasins
  6 ice beasts
  5 black bears
  2 hornet zombies
  42 orc warriors
  3 sky beasts
  An eye of draining (D:11)
  9 ogres
  2 phantoms
  The ghost of CasualChangeling the Shooter, an amateur CeHu (D:3)
  41 wolves
  3 centaurs
  12 crocodiles
  Blork the orc (D:5)
  A big kobold (D:13)
  29 bullfrogs
  2 gnoll sergeants
  2 earth elementals
  4 scorpions
  3 killer bees (D:12)
  12 wights
  2 howler monkeys
  3 electric eels
  7 crimson imps
  3 bullfrog zombies
  7 jellies
  4 centaur zombies
  3 quasits
  3 human zombies (Ossuary)
  2 hounds
  15 orc priests
  4 centaur skeletons
  30 orc wizards
  A bullfrog skeleton (D:9)
  Jessica (D:2)
  A gnoll shaman (D:6)
  3 iguanas
  16 worker ants
  3 big kobold zombies (Ossuary)
  2 hound zombies (Ossuary)
  4 mummies
  A worker ant zombie (D:11)
  Robin (D:2)
  22 gnolls
  17 adders
  5 shadow imps
  5 oozes
  2 adder zombies
  3 adder skeletons
  3 dart slugs
  5 leopard geckos
  108 orcs
  6 giant cockroaches
  26 goblins
  15 hobgoblins
  12 jackals
  2 quokkas (D:6)
  2 ball pythons
  9 bats
  7 frilled lizards
  A gnoll zombie (Ossuary)
  3 goblin zombies (Ossuary)
  6 hobgoblin zombies (Ossuary)
  A jackal skeleton (D:3)
  5 jackal zombies
  10 kobolds
  2 kobold zombies (Ossuary)
  3 leopard gecko skeletons
  4 orc zombies (Ossuary)
  5 quokka zombies
  8 rats
  3 rat zombies (Ossuary)
  A spectral orc (D:5)
  A fungus (D:12)
1069 creatures vanquished.

Vanquished Creatures (collateral kills)
  2 deep elf sorcerers (Elf:3)
  A deep elf elementalist (Elf:3)
3 creatures vanquished.

Vanquished Creatures (others)
  A dancing weapon (Elf:1)
  A water moccasin (Lair:5)
  A centaur zombie (D:7)
  An orc (Orc:1)
  A bush (Lair:6)
  29 fungi
  48 plants
82 creatures vanquished.

Grand Total: 1154 creatures vanquished

Notes
Turn   | Place    | Note
-------+----------+-------------------------------------------
     0 | D:1      | Amnesiac the Barachi Air Elementalist began the quest for the Orb.
     0 | D:1      | Reached XP level 1. HP: 13/13 MP: 3/3
   361 | D:1      | Reached XP level 2. HP: 19/19 MP: 3/5
   875 | D:1      | Reached XP level 3. HP: 24/24 MP: 3/6
  1595 | D:2      | Noticed Robin
  1696 | D:2      | Reached skill level 3 in Spellcasting
  1704 | D:2      | Reached XP level 4. HP: 30/30 MP: 5/8
  1710 | D:2      | Learned a level 4 spell: Airstrike
  1755 | D:2      | Killed Robin
  1760 | D:2      | Reached skill level 5 in Air Magic
  1963 | D:2      | Noticed Jessica
  1968 | D:2      | Killed Jessica
  2093 | D:2      | Reached XP level 5. HP: 27/35 MP: 2/10
  2521 | D:3      | Noticed CasualChangeling's ghost (amateur CeHu)
  2593 | D:3      | Killed CasualChangeling's ghost
  2593 | D:3      | Reached XP level 6. HP: 19/41 MP: 0/11
  2923 | D:3      | Reached skill level 4 in Spellcasting
  3069 | D:3      | Found a faded altar of an unknown god.
  3259 | D:3      | Found an iron altar of Okawaru.
  3420 | D:3      | Found a hazy altar of Hepliaklqana.
  3623 | D:4      | Noticed Sigmund
  3639 | D:4      | Killed Sigmund
  3639 | D:4      | Reached XP level 7. HP: 44/46 MP: 0/13
  4298 | D:4      | Found a shimmering altar of Xom.
  4308 | D:5      | Entered Level 5 of the Dungeon
  4568 | D:5      | Found a bloodstained altar of Trog.
  4576 | D:5      | Found an iron altar of Okawaru.
  4693 | D:5      | Found a sand-covered staircase.
  4712 | Ossuary  | Entered an ossuary
  4841 | Ossuary  | Reached skill level 1 in Fighting
  5398 | Ossuary  | Reached XP level 8. HP: 57/57 MP: 7/14
  5636 | D:5      | Noticed Blork the orc
  5664 | D:5      | Killed Blork the orc
  5664 | D:5      | Reached skill level 5 in Dodging
  6079 | D:5      | Found a shattered altar of Ashenzari.
  6152 | D:5      | Found a basalt altar of Yredelemnul.
  6469 | D:6      | Found a staircase to the Ecumenical Temple.
  6493 | Temple   | Entered the Ecumenical Temple
  6516 | Temple   | Became a worshipper of Sif Muna the Loreminder
  7271 | D:6      | Reached skill level 5 in Fighting
  7298 | D:6      | Noticed a skeletal warrior
  7498 | D:7      | Reached XP level 9. HP: 60/68 MP: 8/16
  7640 | D:7      | Reached skill level 5 in Spellcasting
  7944 | D:7      | Reached * piety under Sif Muna
  7944 | D:7      | Reached skill level 6 in Spellcasting
  8002 | D:7      | Noticed a red ugly thing
  8022 | D:7      | Noticed Pikel
  8033 | D:7      | Killed Pikel
  8033 | D:7      | Reached skill level 7 in Spellcasting
  8063 | D:7      | Learned a level 2 spell: Swiftness
  8361 | D:7      | Reached skill level 8 in Spellcasting
  8549 | D:7      | Killed a red ugly thing
  8653 | D:7      | Reached XP level 10. HP: 74/74 MP: 1/22
  8770 | D:8      | Reached skill level 5 in Shields
  9051 | D:8      | Noticed Maurice
  9051 | D:8      | Noticed Grum
  9171 | D:8      | Killed Maurice
  9662 | D:8      | Killed Grum
 10430 | D:8      | Reached ** piety under Sif Muna
 10661 | D:9      | Found a stormy altar of Qazlal.
 10718 | D:9      | Found a transporter.
 10724 | D:9      | Found a roughly hewn altar of Beogh.
 10729 | D:9      | Noticed an ice statue
 10848 | D:9      | Found a staircase to the Orcish Mines.
 11225 | D:9      | Found a sparkling altar of Nemelex Xobeh.
 11492 | D:9      | Found an ornate altar of the Wu Jian Council.
 11768 | Orc:1    | Entered Level 1 of the Orcish Mines
 11825 | D:9      | Killed an ice statue
 11946 | D:9      | Found a transporter.
 11957 | D:9      | Reached XP level 11. HP: 43/83 MP: 4/23
 12165 | D:9      | Identified the Handbook of Congealing Envenoming
 12171 | D:9      | Learned a level 3 spell: Ozocubu's Armour
 12172 | D:9      | Got an encrusted scythe
 12259 | Orc:1    | Noticed an orc sorcerer
 12275 | D:9      | HP: 4/83 [orc warrior/short sword (19)]
 12542 | Orc:1    | Noticed an orc knight
 13665 | Orc:1    | Paralysed by an orc sorcerer for 3 turns
 13757 | D:10     | Entered Level 10 of the Dungeon
 13783 | D:10     | Learned a level 3 spell: Mephitic Cloud
 13786 | D:10     | Learned a level 2 spell: Poisonous Vapours
 13877 | D:10     | Found Opaxzuziop's General Store.
 14335 | D:10     | Noticed CasualChangeling's ghost (journeyman GnWn)
 14386 | D:10     | Killed CasualChangeling's ghost
 14386 | D:10     | Reached skill level 10 in Shields
 14438 | D:10     | Reached skill level 10 in Dodging
 14671 | D:9      | Killed an orc knight
 14846 | D:9      | Killed an orc sorcerer
 15338 | Orc:1    | Reached *** piety under Sif Muna
 15360 | Orc:1    | Found Ruahen's Food Boutique.
 15365 | Orc:1    | Found Wossegusu's Antique Weapon Emporium.
 15675 | Orc:2    | Entered Level 2 of the Orcish Mines
 15969 | Orc:2    | Noticed an orc high priest
 15980 | Orc:2    | Killed an orc high priest
 16137 | Orc:2    | Noticed a stone giant
 16335 | Orc:2    | Reached skill level 9 in Spellcasting
 16580 | D:9      | HP: 1/86 [stone giant (26)]
 16984 | D:9      | Killed a stone giant
 16984 | D:9      | Reached XP level 12. HP: 36/92 MP: 11/25
 17231 | Orc:2    | Noticed an orc high priest
 17238 | Orc:2    | Killed an orc high priest
 17238 | Orc:2    | Reached skill level 10 in Air Magic
 17366 | Orc:2    | Found Itozosh's General Store.
 17720 | Orc:1    | Reached **** piety under Sif Muna
 17926 | Orc:2    | Reached skill level 1 in Invocations
 18003 | Orc:2    | Found Fusmebij's Book Boutique.
 18015 | Orc:2    | Noticed a two-headed ogre
 18023 | Orc:2    | Killed a two-headed ogre
 18224 | Orc:2    | Found a staircase to the Elven Halls.
 18514 | Orc:2    | Noticed a soul eater
 18514 | Orc:2    | Noticed an orc high priest
 18514 | Orc:2    | Noticed an orc warlord
 18689 | Orc:1    | Killed an orc warlord
 18689 | Orc:1    | Reached skill level 5 in Invocations
 18901 | Orc:2    | Found Sunaekk's Antique Weapon Shoppe.
 18901 | Orc:2    | Noticed an orc high priest
 18913 | Orc:2    | Killed an orc high priest
 19219 | Orc:2    | Found Meufin's Antique Armour Shop.
 19247 | Orc:2    | Noticed a soul eater
 19270 | Orc:2    | Killed an orc high priest
 19579 | Orc:2    | Bought an embroidered scarf for 288 gold pieces
 20134 | D:10     | Found Xitu's Distillery.
 20429 | D:11     | Noticed a two-headed ogre
 20436 | D:11     | Killed a two-headed ogre
 20438 | D:11     | Reached skill level 10 in Spellcasting
 20675 | D:11     | Gained mutation: You can hop long distances. [Barachi growth]
 20675 | D:11     | Reached XP level 13. HP: 98/98 MP: 23/27
 20972 | D:11     | Found an iron altar of Okawaru.
 20980 | D:11     | Found a staircase to the Lair.
 21162 | D:11     | Noticed Josephine
 21623 | D:11     | Killed Josephine
 22014 | Lair:1   | Entered Level 1 of the Lair of Beasts
 22036 | Lair:1   | Reached ***** piety under Sif Muna
 22044 | Lair:1   | Identified Niatwunu's Almanac of the Escort and Enchantment (Sif Muna gifted it to you on level 1 of the Lair of Beasts)
 22044 | Lair:1   | Received a gift from Sif Muna
 22105 | Lair:1   | Found a frozen archway.
 22316 | IceCv    | Entered an ice cave
 22339 | IceCv    | Reached skill level 11 in Spellcasting
 24169 | IceCv    | Noticed a frost giant
 24250 | IceCv    | Learned a level 5 spell: Lightning Bolt
 24252 | IceCv    | Learned a level 1 spell: Summon Butterflies
 24536 | IceCv    | Killed a frost giant
 24813 | Lair:1   | Found a hide-covered altar of Uskayaw.
 25595 | Lair:2   | Reached XP level 14. HP: 90/105 MP: 6/29
 26757 | Lair:3   | Found a staircase to the Swamp.
 27177 | Lair:3   | Noticed Sonja
 27180 | Lair:3   | Killed Sonja
 28256 | Lair:3   | Found a hole to the Spider Nest.
 28687 | Lair:4   | Noticed Nergalle
 28778 | Lair:4   | Killed Nergalle
 29192 | Lair:4   | Noticed Snorg
 29202 | Lair:4   | Killed Snorg
 29202 | Lair:4   | Reached skill level 15 in Shields
 30043 | Lair:5   | Found a staircase to the Slime Pits.
 30131 | Lair:5   | Found a labyrinth entrance.
 30177 | Lab      | Entered a labyrinth
 31173 | Lab      | Got a slimy sapphire amulet
 31175 | Lab      | Identified the amulet "Qagyut" {+Rage Int+4} (You took it off a minotaur in a labyrinth)
 31186 | Lab      | Learned a level 4 spell: Summon Lightning Spire
 31777 | Lair:5   | Got a slimy scale mail
 31808 | Lair:5   | Identified Sif Muna's Reference Book on Malediction (Sif Muna gifted it to you on level 5 of the Lair of Beasts)
 31808 | Lair:5   | Received a gift from Sif Muna
 32029 | Lair:5   | Reached skill level 12 in Spellcasting
 32359 | Lair:6   | Entered Level 6 of the Lair of Beasts
 32589 | Lair:6   | Reached XP level 15. HP: 110/110 MP: 16/31
 35015 | Lair:6   | Identified the Disquisition on Battle Magic
 35748 | Lair:6   | Identified the +2 scale mail of Immorality {rElec Str-5 SInv} (You found it on level 5 of the Lair of Beasts)
 36790 | D:12     | Found a portal to a secret trove of treasure.
 37776 | D:13     | Learned a level 2 spell: Passwall
 37783 | D:13     | Learned a level 6 spell: Conjure Ball Lightning
 38067 | D:13     | Paralysed by a floating eye for 3 turns
 38299 | D:13     | Found a stormy altar of Qazlal.
 39093 | D:14     | Found a gate to the Vaults.
 39306 | D:14     | Reached XP level 16. HP: 117/117 MP: 28/32
 39562 | D:13     | Reached skill level 15 in Dodging
 40671 | D:15     | Entered Level 15 of the Dungeon
 40982 | D:14     | Reached skill level 10 in Fighting
 42968 | D:15     | Found a staircase to the Depths.
 43844 | Elf:1    | Entered Level 1 of the Elven Halls
 44005 | Elf:1    | Identified a scroll of acquirement {!r}
 44042 | Elf:1    | Got a jewelled leather armour
 45167 | Elf:1    | Identified the cursed +0 leather armour of Xittagown {Int+4} (You took it off a deep elf archer on level 1 of the Elven Halls)
 45848 | Elf:1    | Reached XP level 17. HP: 113/140 MP: 0/33
 45934 | Elf:1    | Learned a level 3 spell: Regeneration
 46007 | Elf:2    | Reached skill level 15 in Fighting
 46285 | Elf:2    | Found a sparkling altar of Nemelex Xobeh.
 46539 | Elf:2    | Found Rawnatusk's Antique Weapon Emporium.
 46758 | Elf:2    | Reached skill level 13 in Spellcasting
 46881 | Elf:2    | Found a runed gate.
 46881 | Elf:2    | Found a runed gate.
 46907 | Elf:2    | Found a runed gate.
 47508 | Elf:2    | Noticed a deep elf blademaster
 47575 | Elf:2    | Killed a deep elf blademaster
 47646 | Elf:2    | Identified Neacuida's Collected Works on Aerial Transformation (Sif Muna gifted it to you on level 2 of the Elven Halls)
 47646 | Elf:2    | Received a gift from Sif Muna
 48128 | Elf:3    | Entered Level 3 of the Elven Halls
 48246 | Elf:3    | Noticed Asterion
 48632 | Elf:3    | Reached skill level 14 in Spellcasting
 49300 | Elf:3    | Killed Asterion
 49536 | Elf:3    | Noticed Donald
 49550 | Elf:3    | Killed Donald
 49682 | Elf:3    | Noticed a Hell Sentinel
 49910 | Elf:3    | Got a twisted robe
 50222 | Elf:3    | Reached skill level 15 in Spellcasting
 50306 | Elf:3    | Reached XP level 18. HP: 39/149 MP: 1/37
 50310 | Elf:3    | HP: 2/149 [acid (12)]
 50458 | Elf:3    | Got a pitted war axe {freeze}
 50467 | Elf:3    | Identified the +9 war axe of Yredelemnul's Delight {freeze, *Contam rPois Dex+10} (You took it off a deep elf mage on level 3 of the Elven Halls)
 50490 | Elf:3    | Gained mutation: You are clumsy. (Dex -2) [mutagenic glow]
 50848 | Elf:3    | Noticed a Brimstone Fiend
 51075 | Elf:3    | Identified the +2 robe "Huehaste" {Int+5} (You took it off a deep elf mage on level 3 of the Elven Halls)
 51105 | Elf:3    | Noticed Saint Roka
 51128 | Elf:3    | Killed Saint Roka
 51128 | Elf:3    | Identified Owustiyhu's Tome of Fire and Earth (Sif Muna gifted it to you on level 3 of the Elven Halls)
 51128 | Elf:3    | Received a gift from Sif Muna
 51301 | Elf:3    | Reached skill level 16 in Spellcasting
 51353 | Elf:3    | Noticed Aizul
 51368 | Elf:3    | Killed Aizul
 51383 | Elf:3    | Noticed a deep elf master archer
 51441 | Elf:3    | Lost mutation: You are clumsy. (Dex -2) [potion of mutation]
 51441 | Elf:3    | Gained mutation: You are weak. (Str -2) [potion of mutation]
 51441 | Elf:3    | Lost mutation: You are weak. (Str -2) [potion of mutation]
 51441 | Elf:3    | Gained mutation: Your mind is acute. (Int +2) [potion of mutation]
 51459 | Elf:3    | Killed a deep elf master archer
 51462 | Elf:3    | HP: 7/149 [deep elf sorcerer/bolt of acid (11)]
 51462 | Elf:3    | HP: 2/149 [acid (5)]
 51822 | Elf:3    | Noticed a deep elf master archer
 51827 | Elf:3    | Killed a deep elf master archer
 51828 | Elf:3    | Noticed a deep elf master archer
 51839 | Elf:3    | Killed a deep elf master archer
 51847 | Elf:3    | Killed from afar by a deep elf death mage

Vault maps used:
D:1:      giann_horns
D:2:      first_ration, uniq_robin, uniq_jessica
D:3:      nicolae_overflow_crystal_walls, chequers_ecumenical_altar_simple,
          okawaru_altar_gauntlet_db
D:4:      overflow_temple_1_default, bh_chokoban, uniq_sigmund
D:5:      grunt_temple_overflow_bloody_war, yredelemnul_forgotten_temple_becter,
          lemuel_coloured_pillars_altar, gup_ossuary_entry_pyramid,
          uniq_blork_the_orc
D:6:      temple_fountains
D:7:      minmay_three_doors, uniq_pikel
D:8:      corexii_shantytown, uniq_maurice, uniq_grum
D:9:      gammafunk_beogh_shrine, marbit_many_paths, grunt_qazlal_sundering,
          old_standard_altar, orc_david_3, minivault_16
D:10:     serial_shops, nicolae_shop_trees, nicolae_shop_statue_plus
D:11:     lair_entry_dummy, basic_altar, grunt_tengu_nest, grunt_ministairs_14,
          uniq_josephine
D:12:     nicolae_trove_entry_diagonal, minmay_misc_feat_square,
          minmay_gold_behind_fungi
D:13:     basic_altar, nicolae_wwwww, onia_ninara_cookie
D:14:     erik_vaults_1, kennysheep_boxes, nicolae_twisting_strands,
          minmay_stone_trees_small
D:15:     gammafunk_enter_depths_forms
Temple:   cyrus_circular_temple
Lair:1:   basic_altar, portal_ice_cave_entry_pillars_1
Lair:2:   serial_bayou_shore_b, serial_bayou_shore_b
Lair:3:   swamp_mist_pool, spider_nest_entry_funnel_web, beast_lair_carwin_2,
          serial_bayou_shore_a, uniq_sonja
Lair:4:   minmay_lair_drake_nest, uniq_snorg, uniq_nergalle
Lair:5:   statuecave_lemuel, nicolae_slime_entry_slimehenge, lab_entry_generic,
          hangedman_lair_generics_rect
Lair:6:   minmay_lair_end_frog_pond, minmay_lair_oklob_chamber
Orc:1:    serial_shops, nicolae_shop_competitors_out_of_business, shop_statue
Orc:2:    grunt_orc_gardens, grunt_orc_garden, grunt_orc_garden,
          grunt_orc_garden, grunt_orc_garden, mines_bat_river
Elf:1:    minmay_elf_arrival_plus, hangedman_elven_crosses_minicolossus
Elf:2:    serial_shops, shop_fountains, nemelex_altar_shiori
Elf:3:    minmay_elf_hall_four_x, minivault_5, uniq_aizul, uniq_donald,
          uniq_asterion, uniq_saint_roka
Lab:      labyrinth_watery, lab_hedge, nicolae_lab_checkerboard
Ossuary:  minmay_ossuary_two_tombs
IceCv:    ice_cave_caverns_01

Skill      XL: |  1  2  3  4  5  6  7  8  9 10 11 12 13 14 15 16 17 18 |
---------------+-------------------------------------------------------+-----
Air Magic      | 4 5 6 7 8 9 10 11 12 13 14 | 14.0
Spellcasting   | 3 4 8 9 10 11 12 15 16 | 16.5
Fighting       | 2 5 6 8 14 15 | 15.0
Dodging        | 4 7 9 10 14 15 | 15.0
Shields        | 4 9 10 12 15 | 15.0
Invocations    | 8 |  8.5
Stealth        | |  1.7
Conjurations   | |  1.1

Action                   |  1- 3 |  4- 6 |  7- 9 | 10-12 | 13-15 | 16-18 || total
-------------------------+-------+-------+-------+-------+-------+-------++-------
Melee: Unarmed           |     7 |     8 |    29 |       |       |       ||    44
       Whip              |       |       |     1 |   189 |   563 |   115 ||   868
 Fire: Blowgun           |       |       |       |       |     1 |       ||     1
 Cast: Shock             |    83 |   113 |   257 |       |       |       ||   453
       Airstrike         |       |     3 |    81 |   453 |   999 |   815 ||  2351
       Poisonous Vapours |       |       |       |   123 |       |     6 ||   129
       Ozocubu's Armour  |       |       |       |    11 |     2 |       ||    13
       Swiftness         |       |       |       |     9 |     2 |       ||    11
       Lightning Bolt    |       |       |       |       |     3 |    11 ||    14
       Mephitic Cloud    |       |       |       |       |     4 |     8 ||    12
       Summon Butterflie |       |       |       |       |       |     4 ||     4
       Summon Lightning  |       |       |       |       |       |    10 ||    10
       Regeneration      |       |       |       |       |       |     1 ||     1
       Passwall          |       |       |       |       |       |     1 ||     1
Invok: Divine Energy     |       |       |     1 |       |       |       ||     1
       Channel Magic     |       |       |       |       |     5 |    17 ||    22
 Abil: Hop               |     1 |     2 |     1 |    11 |     9 |     6 ||    30
  Use: Scroll            |       |     1 |    18 |    11 |     7 |    13 ||    50
       Potion            |       |     1 |       |     3 |     2 |     7 ||    13
  Eat: Chunk             |     4 |     6 |    24 |    63 |    61 |    29 ||   187
       Ration            |       |       |     1 |     4 |     3 |     5 ||    13
Armor: Robe              |     4 |     9 |    25 |    50 |   107 |    38 ||   233
Dodge: Dodged            |    39 |    43 |   102 |   169 |   462 |   194 ||  1009
Block: Shield            |       |       |       |   222 |   657 |   318 ||  1197

Table legend:
 A = Spawn XP
 B = Non-spawn XP
 C = Spawn XP percentage of total XP
 D = Spawn monster count
 E = Non-spawn monster count
 F = Spawn count percentage of total count
 G = Total turns spent on level
                    A         B        C        D         E        F      G
               +---------+---------+-------+---------+---------+-------+---------
         Total |       0 |  275277 |   0.0 |       0 |    1073 |   0.0 | 51847
               +---------+---------+-------+---------+---------+-------+---------
           D:1 |       0 |      36 |   0.0 |       0 |      18 |   0.0 |  1098
           D:2 |       0 |     162 |   0.0 |       0 |      40 |   0.0 |  1403
           D:3 |       0 |     209 |   0.0 |       0 |      29 |   0.0 |  1022
           D:4 |       0 |     317 |   0.0 |       0 |      13 |   0.0 |   787
           D:5 |       0 |     513 |   0.0 |       0 |      20 |   0.0 |  1214
           D:6 |       0 |     669 |   0.0 |       0 |      24 |   0.0 |   771
           D:7 |       0 |    2346 |   0.0 |       0 |      35 |   0.0 |  1400
           D:8 |       0 |    2958 |   0.0 |       0 |      66 |   0.0 |  2500
           D:9 |       0 |    6179 |   0.0 |       0 |      68 |   0.0 |  3851
          D:10 |       0 |    2762 |   0.0 |       0 |      21 |   0.0 |  1483
          D:11 |       0 |    7549 |   0.0 |       0 |      35 |   0.0 |  1627
          D:12 |       0 |    4111 |   0.0 |       0 |      39 |   0.0 |  1166
          D:13 |       0 |   13594 |   0.0 |       0 |      48 |   0.0 |  2492
          D:14 |       0 |   13031 |   0.0 |       0 |      33 |   0.0 |  1736
          D:15 |       0 |   17075 |   0.0 |       0 |      44 |   0.0 |  2262
        Lair:1 |       0 |    3211 |   0.0 |       0 |      12 |   0.0 |   971
        Lair:2 |       0 |    6408 |   0.0 |       0 |      31 |   0.0 |  1339
        Lair:3 |       0 |    8188 |   0.0 |       0 |      29 |   0.0 |  1918
        Lair:4 |       0 |    8172 |   0.0 |       0 |      22 |   0.0 |  1395
        Lair:5 |       0 |    8511 |   0.0 |       0 |      33 |   0.0 |  1336
        Lair:6 |       0 |   22637 |   0.0 |       0 |      81 |   0.0 |  3453
         Orc:1 |       0 |    3055 |   0.0 |       0 |      16 |   0.0 |  1652
         Orc:2 |       0 |   11444 |   0.0 |       0 |      69 |   0.0 |  2460
         Elf:1 |       0 |   21308 |   0.0 |       0 |      35 |   0.0 |  2214
         Elf:2 |       0 |   43064 |   0.0 |       0 |      57 |   0.0 |  2481
         Elf:3 |       0 |   54157 |   0.0 |       0 |      59 |   0.0 |  3308
           Lab |       0 |    1231 |   0.0 |       0 |       1 |   0.0 |  1010
       Ossuary |       0 |     428 |   0.0 |       0 |      41 |   0.0 |   809
         IceCv |       0 |   11952 |   0.0 |       0 |      54 |   0.0 |  2479
               +---------+---------+-------+---------+---------+-------+---------
